 Dungeon Crawl Stone Soup version 0.29-a0-468-ge57f7f99b4 (webtiles) character file.

Game seed: 13396796626604571082

1603 timneilson the Covered (level 8, 0/49 HPs)
             Began as a Gargoyle Fighter on May 21, 2022.
             Slain by an unseen horror (6 damage)
             ... on level 5 of the Dungeon.
             The game lasted 00:13:53 (7359 turns).

timneilson the Covered (Gargoyle Fighter)           Turns: 7359, Time: 00:13:53

Health: 0/49       AC: 22    Str: 21    XL:     8   Next: 94%
Magic:  0/8        EV:  6    Int: 10    God:
Gold:   309        SH:  5    Dex:  9    Spells: 7/7 levels left

rFire   . . .      SeeInvis +   a - +0 long sword
rCold   . . .      Faith    .   c - +0 buckler
rNeg    + . .      Spirit   +   b - +0 plate armour
rPois   ∞          Reflect  .   (no helmet)
rElec   +          Harm     .   e - +1 cloak
rCorr   .          Rampage  .   n - +0 pair of gloves
Will    .....                   (no boots)
Stlth   ..........              i - amulet of guardian spirit
HPRegen 0.16/turn               m - ring of see invisible
MPRegen 0.11/turn               (no ring)

@: about to teleport
A: sickness immunity, AC +5, negative energy resistance 1, electricity
resistance, torment resistance 1, petrification resistance
a: no special abilities


You were on level 5 of the Dungeon.
You visited 1 branch of the dungeon, and saw 6 of its levels.

You collected 309 gold pieces.

Inventory:

Hand Weapons
 a - a +0 long sword (weapon)
Armour
 b - a +0 plate armour (worn)
 c - a +0 buckler (worn)
 e - a +1 cloak (worn)
 n - a +0 pair of gloves (worn)
Jewellery
 i - an amulet of guardian spirit (around neck)
 m - a ring of see invisible (left hand)
Wands
 s - a wand of polymorph (12)
 t - a wand of digging (6)
Scrolls
 f - 6 scrolls of teleportation
Potions
 d - a potion of might
 g - a potion of magic
 j - 2 potions of cancellation {unknown}
 k - 2 potions of lignification
 o - a potion of curing
 p - a potion of ambrosia
 q - a potion of berserk rage {unknown}
 r - 2 potions of mutation {unknown}
 u - 2 potions of haste {unknown}
 x - a potion of resistance {unknown}


   Skills:
 + Level 5.2 Fighting
 * Level 5.0 Long Blades
 * Level 6.6 Armour
 + Level 2.8 Dodging
 * Level 6.6 Shields
 + Level 2.4 Evocations


You had 7 spell levels left.
You didn't know any spells.
Your spell library contained the following spells:

 Spells                   Type           Power      Damage    Failure   Level
 Gell's Gravitas          Tloc           0%         N/A       100%        3
 Lesser Beckoning         Tloc           0%         N/A       100%        3
 Teleport Other           Tloc           0%         N/A       100%        3
 Animate Dead             Necr           0%         N/A       100%        4
 Haunt                    Necr/Summ      0%         N/A       100%        7
 Infestation              Necr           0%         N/A       100%        8


Dungeon Overview and Level Annotations

Branches:
Dungeon (6/15)
 Temple: D:4-7

Altars:

Shops:
D:2 :   D:3 (


Innate Abilities, Weirdness & Mutations

You are immune to sickness and miasma.
Your stone body is resilient. (AC +5)
You are immune to poison.
You resist negative energy. (rN+)
You are resistant to electric shocks. (rElec)
You are resistant to unholy torment.
You are immune to petrification.


Message History

The unseen horror hits you.
The unseen horror attacks as you move away!
The unseen horror hits you but does no damage.
You block the unseen horror's attack. The unseen horror hits you.
The unseen horror attacks as you move away!
You block the unseen horror's attack.
The unseen horror completely misses you.
You see here a +0 hand axe.
The unseen horror hits you! You block the unseen horror's attack.
You see here +0 acid dragon scales.
The unseen horror attacks as you move away!
The unseen horror hits you but does no damage. x2
There is a stone staircase leading up here.
You hit the unseen horror but do no damage.
You block the unseen horror's attack. The unseen horror barely misses you.
You hit the unseen horror.
The unseen horror is lightly wounded.
You block the unseen horror's attack. The unseen horror hits you!
* * * LOW HITPOINT WARNING * * *
The unseen horror hits you!
* * * LOW HITPOINT WARNING * * *
You barely miss the unseen horror.
The unseen horror hits you but does no damage.
As you read the scroll labelled GAEGUO NALUTUU, it crumbles to dust.
It is a scroll of amnesia.
You feel forgetful for a moment.
The unseen horror hits you but does no damage.
The unseen horror barely misses you.
You climb upwards.
There is a stone staircase leading down here.
As you read the scroll of teleportation, it crumbles to dust.
You feel strangely unstable.
The unseen horror hits you but does no damage.
The unseen horror closely misses you.
The unseen horror attacks as you move away!
The unseen horror hits you but does no damage.
You block the unseen horror's attack. The unseen horror hits you!
You die...

#.....## ##...(......###.......
.......######..##.....## ###.....
..........#....##.....# ###...
...............###....# ##...
[..........##...<.....# ##....
.........####.........## ###.....
........## #.....)....###.....##
.##.[...# #.......##....>...##
####....# ##..x@...###......####
##...## #.........####........
###....#####..>......####).......
...............####...##))[##....
....###......### ###..#..##.....
.#####..####..# ##........... ##
#..# ##.## #.......#### ### ##.##
#..# ###...#### ..###..#
##.######...###


You could see an unseen horror (invisible).

Vanquished Creatures
  Sigmund (D:5)
  An acid dragon (D:6)
  A water moccasin (D:6)
  An orc warrior (D:5)
  3 ice beasts
  A sky beast (D:6)
  A centaur (D:5)
  A phantom (D:5)
  A necrophage (D:6)
  2 scorpions
  3 hounds
  An orc priest (D:6)
  An iguana (D:5)
  4 orc wizards
  7 gnolls (D:3)
  7 adders
  A worm (D:4)
  A dart slug (D:3)
  14 orcs
  9 endoplasms
  9 giant cockroaches
  5 goblins
  3 hobgoblins
  4 kobolds
  2 quokkas
  5 ball pythons
  5 frilled lizards
  5 rats
99 creatures vanquished.

Notes
Turn   | Place    | Note
-------+----------+-------------------------------------------
     0 | D:1      | timneilson the Gargoyle Fighter began the quest for the
                  | Orb.
     0 | D:1      | Reached XP level 1. HP: 14/14 MP: 1/1
    58 | D:1      | Reached XP level 2. HP: 18/19 MP: 2/2
   671 | D:1      | Found a faded altar of an unknown god.
  1109 | D:2      | Reached XP level 3. HP: 20/23 MP: 3/3
  1421 | D:2      | Found Dahilode's Book Shop.
  1665 | D:3      | Found Poikkag's Weapon Emporium.
  1666 | D:3      | Noticed an ice beast
  1677 | D:3      | Killed an ice beast
  1678 | D:3      | Reached skill level 1 in Dodging
  1678 | D:3      | Reached XP level 4. HP: 15/29 MP: 4/4
  1678 | D:3      | Reached XP level 5. HP: 17/33 MP: 5/5
  2592 | D:3      | Reached XP level 6. HP: 21/38 MP: 2/6
  4162 | D:5      | Entered Level 5 of the Dungeon
  4172 | D:5      | Reached skill level 5 in Shields
  4238 | D:5      | Reached skill level 5 in Armour
  4238 | D:5      | Reached XP level 7. HP: 36/43 MP: 5/7
  4343 | D:5      | Noticed Sigmund
  4357 | D:5      | Killed Sigmund
  4358 | D:5      | Reached skill level 1 in Evocations
  4930 | D:5      | Reached XP level 8. HP: 40/48 MP: 3/8
  6340 | D:6      | Reached skill level 5 in Fighting
  7008 | D:6      | Reached skill level 5 in Long Blades
  7279 | D:6      | Noticed an unseen horror
  7359 | D:5      | Slain by an unseen horror

Illustrated notes

Levels and vault maps discovered:
D:1:      wander_arrival_fairy_ring, layout_basic,
          ebering_ecumenical_altar_ruins
D:2:      layout_basic, serial_shops, nicolae_shop_stone
D:3:      layout_loops_ring, serial_shops, nicolae_shop_bloodbath_and_beyond,
          lemuel_old_faithful
D:4:      layout_basic
D:5:      layout_layer_cave, uniq_sigmund
D:6:      layout_basic

Skill      XL: |  1  2  3  4  5  6  7  8 |
---------------+-------------------------+-----
Long Blades    | 2 3 4 5 |  5.0
Armour         | 4 5 6 |  6.6
Dodging        | 1 2 |  2.8
Shields        | 4 5 6 |  6.6
Fighting       | 4 5 |  5.2
Evocations     | 1 2 |  2.4

Action                   |  1- 3 |  4- 6 |  7- 9 || total
-------------------------+-------+-------+-------++-------
Melee: Long sword        |    79 |   227 |   421 ||   727
  Use: Scroll            |     4 |     7 |     5 ||    16
       Potion            |     1 |       |     6 ||     7
 Stab: Invisible         |       |       |     2 ||     2
Armor: Scale mail        |    38 |   114 |       ||   152
       Chain mail        |       |    32 |    95 ||   127
       Plate armour      |       |       |   247 ||   247
Dodge: Dodged            |    33 |   120 |   144 ||   297
Block: Buckler           |    19 |    45 |   113 ||   177

Table legend: (Time is in decaauts)
 A = Elapsed time spent in this place.
 B = Non-inter-level travel time spent in this place.
 C = Inter-level travel time spent in this place.
 D = Time resting spent in this place.
 E = Time spent auto-exploring this place.
 F = Levels seen in this place.
 G = Mean time per level.
                   A        B        C        D        E       F      G
               +--------+--------+--------+--------+--------+-----+--------+
         Total |   7542 |   7341 |    201 |    677 |   4814 |   6 | 1257.0 |
       Dungeon |   7542 |   7341 |    201 |    677 |   4814 |   6 | 1257.0 |
               +--------+--------+--------+--------+--------+-----+--------+

Top non-repeatable levels by time:
     D:5: 1860 daAuts
     D:6: 1433 daAuts
     D:4: 1290 daAuts
     D:3: 1269 daAuts
     D:2: 877 daAuts
     D:1: 811 daAuts
